 Dungeon Crawl Stone Soup version 0.27.0-1-g7a089689b8 (webtiles) character file.

Game seed: 9300738947995254926

5877 Name63 the Destroyer (level 10, 0/75 HPs)
             Began as a Gnoll Conjurer on Aug 13, 2021.
             Was an Initiate of Gozag.
             Killed from afar by an electric eel (13 damage)
             ... with a bolt of electricity
             ... on level 8 of the Dungeon.
             The game lasted 00:20:18 (11262 turns).

Name63 the Destroyer (Gnoll Conjurer)              Turns: 11262, Time: 00:20:19

Health: 0/75       AC:  6    Str:  6    XL:     10   Next: 81%
Magic:  15/21      EV: 17    Int: 22    God:    Gozag
Gold:   626        SH:  0    Dex: 10    Spells: 8/24 levels left

rFire    . . .     SeeInvis .   B - +2 rapier (elec)
rCold    . . .     Faith    .   (no shield)
rNeg     . . .     Spirit   .   d - +0 leather armour
rPois    .         Reflect  .   c - +0 helmet
rElec    .         Harm     .   a - scarf {repulsion}
rCorr    .         Rampage  .   (no gloves)
Will     .....                  e - +0 pair of boots
Stlth    +++.......             (no amulet)
HPRegen  0.22/turn              n - +4 ring of evasion
MPRegen  0.17/turn              (no ring)

@: gold aura, repel missiles
A: fangs 1, strong nose, distributed training
a: Renounce Religion, Potion Petition, Call Merchant, Bribe Branch


You were on level 8 of the Dungeon.
You worshipped Gozag.
Gozag was pleased with you.
You visited 2 branches of the dungeon, and saw 9 of its levels.

You collected 693 gold pieces.
You paid 67 gold pieces to Gozag.

Inventory:

Hand Weapons
 t - a +1 trident of venom
 B - a +2 rapier of electrocution (weapon)
Missiles
 g - 12 curare-tipped darts
 h - 226 arrows
 i - 47 poisoned darts
 y - 19 sling bullets
Armour
 a - a scarf of repulsion (worn)
 c - a +0 helmet (worn)
 d - a +0 leather armour (worn)
 e - a +0 pair of boots (worn)
 q - a +0 cloak
Jewellery
 n - a +4 ring of evasion (left hand)
Wands
 m - a wand of digging (7)
 p - a wand of flame (23)
 w - a wand of acid (7)
 A - a wand of polymorph (7)
Scrolls
 b - 2 scrolls of blinking
 k - 4 scrolls of teleportation
 u - 2 scrolls of vulnerability
 v - a scroll of brand weapon
 z - 3 scrolls of fear {unknown}
 C - a scroll of enchant armour {unknown}
 D - a scroll of identify
Potions
 f - 4 potions of curing
 j - a potion of resistance {unknown}
 l - 3 potions of mutation {unknown}
 o - a potion of lignification
 r - 2 potions of attraction {unknown}
 s - 2 potions of flight
 x - 2 potions of cancellation {unknown}
 E - a potion of brilliance {unknown}


   Skills:
 + Level 5.6 Fighting
 + Level 5.6 Short Blades
 + Level 5.6 Long Blades
 + Level 5.6 Axes
 + Level 5.6 Maces & Flails
 + Level 5.6 Polearms
 + Level 5.6 Staves
 + Level 5.6 Slings
 + Level 5.6 Bows
 + Level 5.6 Crossbows
 + Level 5.6 Throwing
 + Level 5.6 Armour
 + Level 7.3 Dodging
 + Level 7.1 Stealth
 + Level 5.6 Shields
 + Level 5.6 Unarmed Combat
 + Level 7.6 Spellcasting
 + Level 8.6 Conjurations
 + Level 4.6 Hexes
 + Level 4.6 Summonings
 + Level 4.6 Necromancy
 + Level 4.6 Translocations
 + Level 4.6 Transmutations
 + Level 4.6 Fire Magic
 + Level 4.6 Ice Magic
 + Level 4.6 Air Magic
 + Level 4.6 Earth Magic
 + Level 4.6 Poison Magic
 + Level 6.2 Invocations
 + Level 5.6 Evocations


You had 8 spell levels left.
You knew the following spells:

 Your Spells              Type           Power      Damage    Failure   Level
b - Searing Ray           Conj           92%        3d6       1%          2
c - Fulminant Prism       Conj/Hex       18%        3d11      8%          4
d - Iskenderun's Mystic   Conj/Tloc      37%        2d9       8%          4
e - Mephitic Cloud        Conj/Pois/Air  34%        N/A       3%          3
f - Ozocubu's Armour      Ice            28%        N/A       4%          3

Your spell library contained the following spells:

 Spells                   Type           Power      Damage    Failure   Level
 Foxfire                  Conj/Fire      100%       2x1d9     1%          1
 Magic Dart               Conj           100%       1d8       1%          1
 Call Imp                 Summ           28%        N/A       2%          2
 Conjure Flame            Conj/Fire      37%        6-21      2%          3
 Dazzling Flash           Conj/Hex       74%        N/A       2%          3
 Inner Flame              Hex/Fire       28%        N/A       4%          3
 Ozocubu's Refrigeration  Ice            14%        4d7       100%        7


Dungeon Overview and Level Annotations

Branches:
Dungeon (8/15)             Temple (1/1) D:6            Lair (0/6) D:8

Altars:
Ashenzari
Cheibriados
Dithmenos
Elyvilon
Fedhas
Gozag
Hepliaklqana
Kikubaaqudgha
Makhleb
Nemelex Xobeh
Okawaru
Qazlal
Ru
Sif Muna
Trog
Uskayaw
Vehumet
Wu Jian
Xom
Yredelemnul
Zin
The Shining One

Annotations:
D:5 1 runed translucent door, Thargor's ghost, novice FoFi
D:6 1 runed translucent door, barott's ghost, novice GrFi
D:7 2 transporters, weresquid's ghost, novice DsGl


Innate Abilities, Weirdness & Mutations

You have very sharp teeth.
Your uncanny sense of smell can sniff out nearby items.
Your experience applies equally to all skills.


Message History

The electric eel shoots out a bolt of lightning at you!
The bolt of electricity is repelled.
The searing ray misses the electric eel.
The electric eel shoots out a bolt of lightning at you!
The bolt of electricity hits you.
An electric eel is nearby!
The searing ray hits the electric eel.
The electric eel is almost dead.
The electric eel shoots out a bolt of lightning at you!
The bolt of electricity hits you.
An electric eel is nearby!
The searing ray misses the electric eel.
You finish channeling your searing ray.
The electric eel shoots out a bolt of lightning at you!
The bolt of electricity hits you!
There are monsters nearby!
The electric eel shoots out a bolt of lightning at you!
The bolt of electricity hits you.
The electric eel shoots out a bolt of lightning at you!
The bolt of electricity hits the electric eel.
The electric eel completely resists.
The bolt of electricity hits you!
The electric eel shoots out a bolt of lightning at you!
The bolt of electricity hits you!
* * * LOW HITPOINT WARNING * * *
You are too injured to fight recklessly!
Casting: Searing Ray (safe; 1% risk of failure)
Confirm with . or Enter, or press ? or * to list all spells.
Aiming: Searing Ray (safe; 1% risk of failure)
Press: ? - help, Shift-Dir - straight line, f/p - electric eel
Aim: an electric eel (water, almost dead, 70% to hit)
The searing ray hits the electric eel!
You kill the electric eel!
You now have 626 gold pieces (gained 5).
The searing ray hits the electric eel!
The electric eel is almost dead. (Press . to maintain the ray.)
The electric eel shoots out a bolt of lightning at you!
The bolt of electricity hits you!
You die...
Your body crumbles into a pile of gold.

..≈≈≈≈≈≈≈≈≈≈.≈
.....≈≈≈≈...≈..≈≈≈....#
.g≈≈≈≈≈≈.≈≈...≈≈≈.≈≈≈.#
............>..≈≈≈≈...#
..≈≈≈≈≈≈≈.....≈≈;≈≈.≈.##
..≈≈;≈≈≈..≈≈.≈.≈≈≈≈....#
...≈≈≈≈.≈≈≈≈≈≈≈≈≈≈.....#
...≈≈≈.≈≈≈≈≈≈≈≈≈≈≈≈≈...#
...≈≈..≈≈≈≈≈≈≈≈≈@.≈$...#
..≈.≈....≈≈≈≈≈≈≈.≈..≈..#
..........≈≈≈≈≈≈.......#
......................#
#.>...######..##########
........####.## ....#
#......## ....#
######..### ##.##
##....#


You could see an electric eel.

Vanquished Creatures
  A centaur warrior (D:8)
  Pikel (D:4)
  Joseph (D:7)
  A troll (D:8)
  Eustachio (D:4)
  Grum (D:8)
  A steam dragon (D:8)
  Edmund (D:5)
  A water moccasin (D:6)
  2 ice beasts
  4 ogres
  A sky beast (D:6)
  5 wolves (D:8)
  4 centaurs
  A phantom (D:6)
  A lemure (D:4)
  3 bullfrogs
  A gnoll sergeant (D:8)
  A water moccasin zombie (D:5)
  3 wyvern skeletons (D:7)
  4 scorpions
  A water moccasin skeleton (D:7)
  6 killer bees (D:8)
  3 electric eels (D:8)
  4 wights (D:7)
  9 hounds
  A jelly (D:6)
  3 bullfrog zombies
  2 orc priests
  A gnoll shaman (D:8)
  3 iguanas
  2 orc wizards
  3 killer bee zombies
  9 gnolls
  A river rat (D:3)
  9 adders
  A shadow imp (D:6)
  A white imp (D:5)
  An adder zombie (D:5)
  An adder skeleton (D:4)
  3 worms
  4 dart slugs
  27 orcs
  3 endoplasms
  3 giant cockroaches
  7 goblins
  13 hobgoblins
  3 quokkas
  7 ball pythons
  6 bats
  A frilled lizard (D:2)
  15 kobolds
  9 rats (D:3)
201 creatures vanquished.

Vanquished Creatures (others)
  A fulminant prism (D:8)
1 creature vanquished.

Grand Total: 202 creatures vanquished

Notes
Turn   | Place    | Note
-------+----------+-------------------------------------------
     0 | D:1      | Name63 the Gnoll Conjurer began the quest for the Orb.
     0 | D:1      | Reached XP level 1. HP: 13/13 MP: 6/6
   179 | D:1      | Reached XP level 2. HP: 19/19 MP: 5/7
  1099 | D:2      | Learned a level 2 spell: Searing Ray
  1185 | D:2      | Reached XP level 3. HP: 25/25 MP: 7/9
  1208 | D:2      | Reached skill level 5 in Spellcasting
  1212 | D:2      | Learned a level 3 spell: Mephitic Cloud
  1357 | D:2      | Reached skill level 1 in Invocations
  1472 | D:2      | Found a stormy altar of Qazlal.
  1578 | D:2      | Reached skill level 1 in Fighting
  1578 | D:2      | Reached skill level 1 in Short Blades
  1578 | D:2      | Reached skill level 1 in Long Blades
  1578 | D:2      | Reached skill level 1 in Axes
  1578 | D:2      | Reached skill level 1 in Maces & Flails
  1578 | D:2      | Reached skill level 1 in Polearms
  1578 | D:2      | Reached skill level 1 in Staves
  1578 | D:2      | Reached skill level 1 in Slings
  1578 | D:2      | Reached skill level 1 in Bows
  1578 | D:2      | Reached skill level 1 in Crossbows
  1578 | D:2      | Reached skill level 1 in Throwing
  1578 | D:2      | Reached skill level 1 in Armour
  1578 | D:2      | Reached skill level 1 in Shields
  1578 | D:2      | Reached skill level 1 in Unarmed Combat
  1578 | D:2      | Reached skill level 1 in Evocations
  2193 | D:3      | Reached XP level 4. HP: 32/32 MP: 9/11
  2209 | D:3      | Learned a level 3 spell: Ozocubu's Armour
  2469 | D:3      | Noticed an ogre
  2495 | D:3      | Killed an ogre
  2496 | D:3      | Reached skill level 1 in Hexes
  2496 | D:3      | Reached skill level 1 in Summonings
  2496 | D:3      | Reached skill level 1 in Necromancy
  2496 | D:3      | Reached skill level 1 in Translocations
  2496 | D:3      | Reached skill level 1 in Transmutations
  2496 | D:3      | Reached skill level 1 in Fire Magic
  2496 | D:3      | Reached skill level 1 in Ice Magic
  2496 | D:3      | Reached skill level 1 in Air Magic
  2496 | D:3      | Reached skill level 1 in Earth Magic
  2496 | D:3      | Reached skill level 1 in Poison Magic
  2496 | D:3      | Reached XP level 5. HP: 7/37 MP: 5/12
  2768 | D:3      | Learned a level 4 spell: Fulminant Prism
  2850 | D:3      | Found a faded altar of an unknown god.
  3446 | D:4      | Noticed Eustachio
  3696 | D:4      | Killed Eustachio
  3697 | D:4      | Reached skill level 5 in Dodging
  3697 | D:4      | Reached XP level 6. HP: 38/44 MP: 4/14
  3879 | D:4      | Reached XP level 7. HP: 50/50 MP: 10/15
  3885 | D:4      | Learned a level 4 spell: Iskenderun's Mystic Blast
  4162 | D:4      | Noticed Pikel
  4181 | D:4      | Killed Pikel
  4182 | D:4      | Reached skill level 5 in Stealth
  4182 | D:4      | Reached XP level 8. HP: 42/58 MP: 3/16
  5166 | D:4      | Identified a scroll of acquirement
  5166 | D:4      | Acquired 708 gold pieces
  5206 | D:5      | Entered Level 5 of the Dungeon
  5210 | D:5      | Noticed Edmund
  5219 | D:5      | Killed Edmund
  5544 | D:5      | Found a runed translucent door.
  5557 | D:5      | Noticed Thargor's ghost (novice FoFi)
  6030 | D:5      | Reached XP level 9. HP: 65/65 MP: 8/18
  7029 | D:6      | Found a runed translucent door.
  7204 | D:6      | Noticed barott's ghost (novice GrFi)
  7434 | D:6      | Reached skill level 8 in Conjurations
  7597 | D:6      | Found a staircase to the Ecumenical Temple.
  7605 | Temple   | Entered the Ecumenical Temple
  7808 | Temple   | Became a worshipper of Gozag Ym Sagoz the Greedy
  7997 | D:6      | Found an ornate altar of the Wu Jian Council.
  8589 | D:7      | Found a transporter.
  8589 | D:7      | Noticed weresquid's ghost (novice DsGl)
  8677 | D:7      | Found a transporter.
  8774 | D:7      | Reached skill level 5 in Invocations
  9449 | D:7      | Reached XP level 10. HP: 73/73 MP: 12/20
  9573 | D:7      | Noticed Joseph
  9586 | D:7      | Killed Joseph
  9889 | D:8      | Noticed Grum
  9892 | D:8      | Reached skill level 5 in Fighting
  9892 | D:8      | Reached skill level 5 in Short Blades
  9892 | D:8      | Reached skill level 5 in Long Blades
  9892 | D:8      | Reached skill level 5 in Axes
  9892 | D:8      | Reached skill level 5 in Maces & Flails
  9892 | D:8      | Reached skill level 5 in Polearms
  9892 | D:8      | Reached skill level 5 in Staves
  9892 | D:8      | Reached skill level 5 in Slings
  9892 | D:8      | Reached skill level 5 in Bows
  9892 | D:8      | Reached skill level 5 in Crossbows
  9892 | D:8      | Reached skill level 5 in Throwing
  9892 | D:8      | Reached skill level 5 in Armour
  9892 | D:8      | Reached skill level 5 in Shields
  9892 | D:8      | Reached skill level 5 in Unarmed Combat
  9892 | D:8      | Reached skill level 5 in Evocations
  9954 | D:8      | Killed Grum
 10248 | D:8      | Found a staircase to the Lair.
 10854 | D:8      | Noticed a centaur warrior
 10870 | D:8      | Killed a centaur warrior
 11262 | D:8      | Killed from afar by an electric eel

Illustrated notes

Levels and vault maps discovered:
D:1:      elethiomel_arrival_infinity_welcomes_careful_drivers, layout_basic
D:2:      layout_basic, basic_altar, minmay_misc_feat_tower
D:3:      layout_loops_ring, hellmonk_ecumenical_altar_lost_god,
          portal_sewer_entry_e, serial_park_tiny_pond, st_stairs_2
D:4:      corexii_shantytown, layout_basic, minivault_27, uniq_pikel,
          uniq_eustachio
D:5:      layout_layer_cave, ebering_ghost_reflecting_pool, uniq_edmund
D:6:      layout_gridville, mainiacjoe_overflow_chevrons,
          minmay_temple_entry_mist, ebering_ghost_reflecting_pool
D:7:      layout_loops_ring, gammafunk_ghost_mausoleum, uniq_joseph
D:8:      layout_rooms, erik_lair_island, uniq_grum
Temple:   minmay_crystal_snake_temple

Skill      XL: |  1  2  3  4  5  6  7  8  9 10 |
---------------+-------------------------------+-----
Spellcasting   | 5 6 7 |  7.6
Invocations    | 1 2 3 4 5 6 |  6.2
Fighting       | 1 2 3 4 5 |  5.6
Short Blades   | 1 2 3 4 5 |  5.6
Long Blades    | 1 2 3 4 5 |  5.6
Axes           | 1 2 3 4 5 |  5.6
Maces & Flails | 1 2 3 4 5 |  5.6
Polearms       | 1 2 3 4 5 |  5.6
Staves         | 1 2 3 4 5 |  5.6
Slings         | 1 2 3 4 5 |  5.6
Bows           | 1 2 3 4 5 |  5.6
Crossbows      | 1 2 3 4 5 |  5.6
Throwing       | 1 2 3 4 5 |  5.6
Armour         | 1 2 3 4 5 |  5.6
Shields        | 1 2 3 4 5 |  5.6
Unarmed Combat | 1 2 3 4 5 |  5.6
Evocations     | 1 2 3 4 5 |  5.6
Hexes          | 1 2 3 4 |  4.6
Summonings     | 1 2 3 4 |  4.6
Necromancy     | 1 2 3 4 |  4.6
Translocations | 1 2 3 4 |  4.6
Transmutations | 1 2 3 4 |  4.6
Fire Magic     | 1 2 3 4 |  4.6
Ice Magic      | 1 2 3 4 |  4.6
Air Magic      | 1 2 3 4 |  4.6
Earth Magic    | 1 2 3 4 |  4.6
Poison Magic   | 1 2 3 4 |  4.6
Dodging        | 5 6 7 |  7.3
Stealth        | 5 6 7 |  7.1
Conjurations   | 8 |  8.6

Action                   |  1- 3 |  4- 6 |  7- 9 | 10-12 || total
-------------------------+-------+-------+-------+-------++-------
Melee: Unarmed           |       |     4 |       |       ||     4
       Trident           |       |       |    19 |     2 ||    21
       Bite              |       |       |     1 |     1 ||     2
       Rapier            |       |       |       |     3 ||     3
       Punch             |       |       |       |     1 ||     1
 Cast: Magic Dart        |    53 |    37 |    21 |       ||   111
       Searing Ray       |     1 |    15 |    79 |    34 ||   129
       Mephitic Cloud    |       |       |     1 |     4 ||     5
       Ozocubu's Armour  |       |       |     1 |       ||     1
       Iskenderun's Myst |       |       |       |     3 ||     3
       Fulminant Prism   |       |       |       |     1 ||     1
  Use: Scroll            |       |       |    11 |     1 ||    12
       Potion            |       |       |       |     1 ||     1
 Stab: Sleeping          |       |       |     1 |       ||     1
       Confused          |       |       |       |     1 ||     1
Armor: Robe              |     1 |     2 |       |       ||     3
       Leather armour    |       |     4 |     6 |     6 ||    16
Dodge: Dodged            |     4 |    24 |    85 |    55 ||   168
       Repelled          |       |       |       |     4 ||     4
